 Dungeon Crawl Stone Soup version 0.30.1-4-g462c640d31 (webtiles) character file.

Game seed: 12763241516598746988

24252 Kurtz the Severer (level 13, -2/80 HPs)
             Began as a Tengu Gladiator on Sept 15, 2023.
             Was an Initiate of Gozag.
             Succumbed to a skeletal warrior's poison
             ... on level 12 of the Dungeon.
             The game lasted 00:28:39 (17910 turns).

Kurtz the Severer (Tengu Gladiator)                Turns: 17910, Time: 00:28:40

Health: -2/80      AC:  9    Str: 20    XL:     13   Next: 11%
Magic:  2/14       EV: 20    Int:  8    God:    Gozag
Gold:   3574       SH:  0    Dex: 16    Spells: 12/12 levels left

rFire   . . .        T - +3 battleaxe
rCold   . . .        (shield currently unavailable)
rNeg    . . .        y - +0 steam dragon scales
rPois   .            c - +0 hat
rElec   .            J - +0 cloak
rCorr   .            U - +0 pair of gloves
SInv    .            (boots unavailable)
Will    .....        C - amulet of guardian spirit
Stlth   +            m - +4 ring of slaying
HPRegen 0.33/turn    F - +4 ring of slaying
MPRegen 0.14/turn

%: guardian spirit
@: lethally poisoned (-2 -> -22), flying quickly and evasively, quick
A: beak, talons 3, nimble flight
a: Renounce Religion, Potion Petition, Call Merchant, Bribe Branch


You were on level 12 of the Dungeon.
You worshipped Gozag.
Gozag was most pleased with you.
You visited 3 branches of the dungeon, and saw 15 of its levels.
You also visited: Sewer, Ossuary and Bailey.

You collected 3790 gold pieces.
You spent 121 gold pieces at shops.
You paid 95 gold pieces to Gozag.

Inventory:

Hand Weapons
 a - a +0 war axe
 j - a +0 heavy morningstar
 T - a +3 battleaxe (weapon)
Missiles
 e - a javelin
 B - 54 poisoned darts (quivered)
 P - 8 datura-tipped darts
 R - 9 curare-tipped darts
Armour
 c - a +0 hat (worn)
 g - a +0 chain mail
 y - +0 steam dragon scales (worn)
 J - a +0 cloak (worn)
 S - a +0 plate armour
 U - a +0 pair of gloves (worn)
Jewellery
 m - a +4 ring of slaying (left hand)
 q - a ring of magical power
 u - an amulet of faith
 C - an amulet of guardian spirit (around neck)
 F - a +4 ring of slaying (right hand)
 V - a ring of ice
 X - a ring of see invisible
Wands
 o - a wand of iceblast (8)
 s - a wand of flame (15)
 x - a wand of mindburst (11)
 H - a wand of paralysis (22)
 I - a wand of polymorph (6)
Scrolls
 d - a scroll of magic mapping
 f - 2 scrolls of vulnerability {unknown}
 k - 6 scrolls of teleportation
 v - 4 scrolls of amnesia
 w - 3 scrolls of blinking {unknown}
 G - 4 scrolls of silence {unknown}
 M - a scroll of enchant armour
 N - 2 scrolls of fog
 O - 4 scrolls of enchant weapon {unknown}
 Q - a scroll of poison {unknown}
 Y - a scroll of torment {unknown}
 Z - a scroll of noise {unknown}
Potions
 h - 3 potions of lignification
 i - 2 potions of heal wounds
 l - a potion of cancellation {unknown}
 n - 3 potions of flight
 p - 6 potions of mutation
 r - a potion of magic
 t - 6 potions of attraction {unknown}
 z - 6 potions of haste {unknown}
 A - 4 potions of curing
 D - 4 potions of might {unknown}
 E - 4 potions of brilliance
 K - a potion of berserk rage {unknown}
 L - 2 potions of ambrosia {unknown}


   Skills:
 * Level 9.3 Fighting
 * Level 18.5 Axes
 - Level 2.0 Throwing
 * Level 7.7 Armour
 * Level 8.6 Dodging


You had 12 spell levels left.
You didn't know any spells.
Your spell library contained the following spells:

 Spells                   Type           Power      Damage    Failure   Level
 Freeze                   Ice            0%         1d3       41%         1
 Frozen Ramparts          Ice            0%         1d1       78%         3
 Hailstorm                Conj/Ice       0%         3d3       78%         3
 Borgnjor's Revivificati  Necr           0%         N/A       100%        8
 Necromutation            Tmut/Necr      0%         N/A       100%        8
 Death's Door             Necr           0%         N/A       100%        9


Dungeon Overview and Level Annotations

Branches:
Dungeon (13/15)            Temple (1/1) D:6            Lair (1/5) D:10
    Orc (0/2) D:10          Sewer (visited)         Ossuary (visited)
 Bailey (visited)
 Vaults: D:13-14

Altars:
Ashenzari
Cheibriados
Dithmenos
Elyvilon
Fedhas
Gozag
Hepliaklqana
Kikubaaqudgha
Makhleb
Nemelex Xobeh
Okawaru
Qazlal
Ru
Sif Muna
Trog
Uskayaw
Vehumet
Wu Jian
Xom
Yredelemnul
Zin
The Shining One

Shops:
D:1 (   D:8 *   D:11 *

Annotations:
D:13 Azrael


Innate Abilities, Weirdness & Mutations

You have a beak for a mouth.
You have claws for feet.
Your magical nature lets you fly swiftly and evasively.


Message History

Aiming: Throw Flame
Press: ? - help, Shift-Dir - straight line, f/p - skeletal warrior
Aim: a skeletal warrior, wielding a +1 heavy trident (68% to hit)
The puff of flame hits the skeletal warrior.
The skeletal warrior is lightly damaged.
A skeletal warrior comes into view. It is wielding a +0 short sword.
The skeletal warrior hits you from afar with a +1 heavy trident!
A skeletal warrior comes into view. It is wielding a +0 short sword.
A skeletal warrior comes into view. It is wielding a +0 war axe.
The skeletal warrior closely misses you.
There is a stone staircase leading up, spattered with blood here.
The skeletal warrior misses you.
You fly upwards.
There is a stone staircase leading down, spattered with blood here.
You start resting.
Magic restored.
You fly downwards.
Level annotation: Azrael The skeletal warrior barely misses you.
The skeletal warrior hits you with a +0 short sword!!
The skeletal warrior hits you with a +0 battleaxe of venom!
You are poisoned.
The skeletal warrior hits you but does no damage.
The skeletal warrior misses you.
There is a stone staircase leading up, spattered with blood here.
Unknown command.
You feel very sick.
The skeletal warrior hits you with a +0 battleaxe of venom!
You are lethally poisoned!
The skeletal warrior completely misses you.
The skeletal warrior hits you with a +0 short sword.
The skeletal warrior hits you with a +0 war axe!!
* * * LOW HITPOINT WARNING * * *
You fly upwards.
* * * LOW HITPOINT WARNING * * *
You feel extremely sick.
There is a stone staircase leading down, spattered with blood here.
Okay, then.
You die...
Your body crumbles into a pile of gold.

#..##..##..##.......#
#...
#..##..##..#........#
#...
#..........#........#
#...
#..........'........#
#...
#############........#
#...
#................#####
#...
#..........zz....'...#
####
#...........>z...#...#
#...
#..........@zz...#...#
#...
###+#...[........#...#
#...
#..##'######....#..##
#... #......#
######### #...
#..##..# #... #'###..#
#... #..#...# #...
#..##..# #... #..##..#
#...


You could see 5 skeletal warriors.

Vanquished Creatures
  Josephine (D:12)
  Fannar (D:11)
  Erica (D:8)
  3 two-headed ogres
  Sonja (D:9)
  Amaemon (Lair:1)
  A deep elf pyromancer (D:13)
  3 cyclopes
  An ugly thing (D:12)
  A black mamba (Lair:1)
  An orange demon (Lair:1)
  A cane toad (Lair:1)
  Maggie (D:9)
  A komodo dragon (D:12)
  2 kobold demonologists (D:10)
  An unseen horror (D:12)
  5 trolls
  3 blink frogs (Lair:1)
  A spriggan (shapeshifter) (D:13)
  5 wraiths
  13 slime creatures (D:12)
  2 vampires (D:10)
  A shadow (D:10)
  3 wyverns
  15 yaks
  A basilisk (D:12)
  Grum (D:11)
  10 vampire mosquitoes
  A warg (D:10)
  A steam dragon (D:9)
  5 acid dragons
  3 water moccasins
  8 orc warriors
  2 black bears
  2 wolves (D:11)
  2 ogres
  2 centaurs
  A phantom (D:6)
  12 kobold brigands
  5 bullfrogs
  A scorpion (D:4)
  7 wights
  9 killer bees
  3 howler monkeys
  A human zombie (D:7)
  2 jellies
  Crazy Yiuf (D:3)
  9 orc priests
  7 hounds
  Natasha (thrice) (D:3)
  Ijyb (D:3)
  4 iguanas
  8 orc wizards
  2 sleepcaps
  8 mummies (Ossuary)
  4 gnolls (D:8)
  14 adders
  5 river rats
  2 shadow imps
  3 white imps
  2 ufetubi (D:4)
  3 worms
  28 orcs
  9 bats
  10 endoplasms
  10 giant cockroaches
  11 goblins
  5 hobgoblins
  4 jackals
  26 kobolds
  10 quokkas
  9 ball pythons
  7 frilled lizards
  4 gnoll zombies (Ossuary)
  A hobgoblin zombie (Ossuary)
  3 kobold zombies (Ossuary)
  13 rats
  A rat zombie (D:7)
375 creatures vanquished.

Notes
Turn   | Place    | Note
-------+----------+-------------------------------------------
     0 | D:1      | Kurtz the Tengu Gladiator began the quest for the Orb.
     0 | D:1      | Reached XP level 1. HP: 12/12 MP: 2/2
    92 | D:1      | Reached XP level 2. HP: 4/17 MP: 3/3
   288 | D:1      | Reached skill level 4 in Axes
   529 | D:1      | Found Zixinna's Weapon Emporium.
   888 | D:1      | Found a faded altar of an unknown god.
   901 | D:1      | Reached XP level 3. HP: 18/19 MP: 4/4
  1237 | D:2      | Identified the +2 short sword of Fucybikk {heavy, Fly rF+
                  | MP+9 Dex+2}
  1463 | D:2      | Reached skill level 5 in Axes
  1938 | D:3      | Reached XP level 4. HP: 26/26 MP: 5/5
  2157 | D:3      | Noticed Ijyb
  2170 | D:3      | Killed Ijyb
  2171 | D:3      | Reached skill level 1 in Armour
  2214 | D:3      | Noticed Natasha
  2219 | D:3      | Killed Natasha
  2220 | D:3      | Gained mutation: Your magical nature lets you fly swiftly
                  | and evasively. [Tengu growth]
  2220 | D:3      | Reached XP level 5. HP: 23/30 MP: 6/6
  2252 | D:3      | Noticed Natasha
  2260 | D:3      | Killed Natasha
  2450 | D:3      | Noticed Natasha
  2460 | D:3      | Killed Natasha
  2461 | D:3      | Reached skill level 6 in Axes
  2714 | D:3      | Found a runed translucent door.
  2715 | D:3      | Noticed Crazy Yiuf
  2996 | D:4      | Found a shimmering blue altar of Sif Muna.
  3085 | D:4      | Reached XP level 6. HP: 28/35 MP: 7/7
  3124 | D:4      | Identified the +6 dagger of Disaster {freeze, rC+}
  3212 | D:4      | Noticed a black bear
  3219 | D:4      | Killed a black bear
  3220 | D:4      | Reached skill level 7 in Axes
  3478 | D:4      | Reached XP level 7. HP: 34/40 MP: 8/8
  3599 | D:4      | Reached skill level 8 in Axes
  3976 | D:5      | Entered Level 5 of the Dungeon
  4485 | D:5      | Reached skill level 9 in Axes
  5037 | D:5      | Reached XP level 8. HP: 34/44 MP: 9/9
  5178 | D:6      | Found a glowing drain.
  5180 | D:6      | Reached skill level 10 in Axes
  5205 | Sewer    | Entered a sewer
  5932 | D:6      | Reached skill level 11 in Axes
  6111 | D:6      | Reached skill level 12 in Axes
  6111 | D:6      | Reached XP level 9. HP: 46/48 MP: 10/10
  6343 | D:6      | Found a staircase to the Ecumenical Temple.
  6399 | Temple   | Entered the Ecumenical Temple
  6481 | Temple   | Became a worshipper of Gozag Ym Sagoz the Greedy
  6808 | D:3      | Killed Crazy Yiuf
  7160 | D:7      | Found a sand-covered staircase.
  7177 | Ossuary  | Entered an ossuary
  7804 | D:7      | Reached skill level 13 in Axes
  8017 | D:7      | Found a glowing golden altar of the Shining One.
  8109 | D:7      | Found a sparkling altar of Nemelex Xobeh.
  8264 | D:8      | Found Moepeiso's Assorted Antiques.
  8271 | D:8      | Bought a scroll of identify for 64 gold pieces
  8271 | D:8      | Bought 2 sapphire potions for 57 gold pieces
  8466 | D:8      | Found a flagged portal.
  8482 | Bailey   | Entered a bailey
  8632 | Bailey   | Reached XP level 10. HP: 22/56 MP: 11/11
  8709 | Bailey   | Reached skill level 14 in Axes
  8830 | Bailey   | Found a burning altar of Makhleb.
  9129 | D:8      | Noticed Erica
  9134 | D:8      | Killed Erica
  9135 | D:8      | Reached skill level 5 in Dodging
 10045 | D:9      | Noticed Maggie
 10053 | D:9      | Killed Maggie
 10054 | D:9      | Reached skill level 5 in Fighting
 10249 | D:9      | Found a glowing silver altar of Zin.
 10249 | D:9      | Found a radiant altar of Vehumet.
 10259 | D:9      | Reached skill level 5 in Armour
 10613 | D:9      | Reached skill level 15 in Axes
 10658 | D:9      | Noticed a two-headed ogre
 10669 | D:9      | Killed a two-headed ogre
 11083 | D:10     | Entered Level 10 of the Dungeon
 11085 | D:10     | Noticed a kobold demonologist
 11089 | D:10     | Noticed a kobold demonologist
 11090 | D:10     | Killed a kobold demonologist
 11091 | D:10     | Reached XP level 11. HP: 61/64 MP: 12/12
 11265 | D:10     | Noticed Sonja
 11374 | D:9      | Killed Sonja
 11488 | D:10     | Reached skill level 16 in Axes
 11878 | D:10     | Found a staircase to the Lair.
 11878 | D:10     | Noticed a two-headed ogre
 11887 | D:10     | Killed a two-headed ogre
 12021 | D:10     | Noticed a cyclops
 12057 | D:10     | Found a staircase to the Orcish Mines.
 12304 | D:10     | Killed a cyclops
 12644 | D:10     | Found a sacrificial altar of Ru.
 12956 | Lair:1   | Entered Level 1 of the Lair of Beasts
 12979 | D:11     | Noticed a two-headed ogre
 12989 | D:11     | Killed a two-headed ogre
 13500 | D:11     | Noticed Grum
 13507 | D:11     | Reached XP level 12. HP: 63/72 MP: 13/13
 13510 | D:11     | Killed Grum
 13518 | D:11     | Noticed Fannar
 13531 | D:11     | Killed Fannar
 13695 | D:11     | Found Wigoanta's Overcharged Wands.
 13885 | D:11     | Reached skill level 17 in Axes
 13942 | D:11     | Identified the +2 long sword "Hirewoun" {heavy, rElec
                  | Will+}
 14352 | D:12     | Noticed Josephine
 14737 | Lair:1   | Noticed Amaemon
 14746 | Lair:1   | Killed Amaemon
 15974 | D:12     | Killed Josephine
 16452 | D:12     | Reached skill level 18 in Axes
 17255 | D:12     | Reached XP level 13. HP: 65/80 MP: 12/14
 17672 | D:13     | Noticed Azrael
 17909 | D:12     | HP: 3/80 [poisoned by a skeletal warrior]
 17910 | D:12     | Succumbed to a skeletal warrior's poison

Illustrated notes

Levels and vault maps discovered:
D:1:      erik_arrival_blinker_ship, layout_loops_ring, serial_shops, shop,
          basic_ecumenical_altar, minmay_crystal_water, minivault_5
D:2:      layout_loops_ring
D:3:      layout_loops_ring, st_stairs_8, uniq_ijyb, uniq_natasha,
          uniq_crazy_yiuf_cottage
D:4:      minmay_chambers_of_threes, layout_basic, kennysheep_orc_sif_temple,
          corexii_item_surrounded_by_moat
D:5:      layout_basic
D:6:      layout_rooms, minmay_temple_entry_overgrown, portal_sewer_entry_e,
          minmay_misc_feat_ornament, hex_intersection, roderic_filled_cross
D:7:      layout_loops_ring, tso_altar, nemelex_dance_club_becter,
          enter_ossuary_3
D:8:      layout_basic, serial_shops, nicolae_diamond_shop, enter_bailey_7,
          chequers_serial_rivers_small_3, uniq_erica
D:9:      layout_basic, chequers_temple_overflow_statue_of_worship,
          minmay_misc_feat_tower, uniq_maggie
D:10:     layout_gridville, lemuel_crystal_altar, lair_entry_dummy, erik_orc_4,
          uniq_sonja
D:11:     layout_long_grid, nicolae_shop_overcharged_wands, uniq_grum,
          uniq_fannar
D:12:     layout_gridville, uniq_josephine
D:13:     layout_cave_pools, david_vaults_4, nicolae_nh_vlads_tower, uniq_azrael
Temple:   nicolae_temple_bog_church
Lair:1:   layout_regular_city, uniq_amaemon

Skill      XL: |  1  2  3  4  5  6  7  8  9 10 11 12 |
---------------+-------------------------------------+-----
Axes           | 4 5 6 7 9 12 13 15 16 18 | 18.5
Armour         | 1 2 3 5 6 7 |  7.7
Dodging        | 4 5 7 8 |  8.6
Fighting       | 3 5 7 9 |  9.3
Throwing       | |  2.0

Action                     |  1- 3 |  4- 6 |  7- 9 | 10-12 | 13-15 || total
---------------------------+-------+-------+-------+-------+-------++-------
  Melee: War axe           |   109 |    94 |       |       |       ||   203
         Kick              |    21 |    26 |    76 |   110 |     7 ||   240
         Peck              |    15 |    16 |    43 |    80 |     3 ||   157
         Battleaxe         |       |    23 |   302 |   353 |    22 ||   700
  Throw: Dart              |       |       |     6 |    17 |     1 ||    24
         Throwing net      |       |       |     2 |     2 |       ||     4
         Javelin           |       |       |       |     1 |       ||     1
  Evoke: Wand              |       |       |       |    16 |     5 ||    21
    Use: Potion            |       |       |     2 |     4 |       ||     6
         Scroll            |       |       |    13 |       |     1 ||    14
   Stab: Distracted        |       |       |     1 |       |       ||     1
         Held in net/web   |       |       |       |     2 |       ||     2
         Sleeping          |       |       |       |     1 |       ||     1
 Armour: Leather armour    |    10 |       |       |       |       ||    10
         Chain mail        |    57 |    64 |   116 |       |       ||   237
         Skin              |       |       |     6 |       |       ||     6
         Plate armour      |       |       |       |     9 |       ||     9
         Steam dragon scal |       |       |       |    65 |     7 ||    72
  Dodge: Dodged            |    58 |    78 |   143 |   358 |    22 ||   659
